 Dungeon Crawl Stone Soup version 0.30.0-5-g1a98f26d00 (webtiles) character file.

Game seed: 7699735368709568910

158272 jasper the Earth Mage (level 17, -1/156 HPs)
             Began as a Grey Draconian Earth Elementalist on May 11, 2023.
             Was a High Priest of Vehumet.
             Slain by a wolf spider (6 damage)
             ... on level 4 of the Spider Nest.
             The game lasted 00:52:39 (35713 turns).

jasper the Earth Mage (DrEE)                       Turns: 35713, Time: 00:52:40

Health: -1/156     AC: 22    Str:  3 (8)  XL:     17   Next: 14%
Magic:  2/40       EV: 21    Int: 20 (28) God:    Vehumet [*****.]
Gold:   1769       SH:  0    Dex: 11 (21) Spells: 7/36 levels left

rFire   . . .        q - staff of conjuration "Agepn" {*Slow Str-2 Int+4 Dex+6}
rCold   . . .        (no shield)
rNeg    . . .        (body armour unavailable)
rPois   +            H - +2 hat {Int+3}
rElec   .            o - +2 cloak {rPois}
rCorr   .            u - +1 pair of gloves
SInv    .            Y - +0 pair of boots
Will    +....        O - amulet of regeneration
Stlth   ++           h - ring of magical power
HPRegen 1.26/turn    C - +5 ring of evasion
MPRegen 0.27/turn

%: slow self (1%)
@: mighty
A: AC +14, amphibious, unfitting armour, cold-blooded
a: Renounce Religion


You were on level 4 of the Spider Nest.
You worshipped Vehumet.
Vehumet was extremely pleased with you.
You visited 5 branches of the dungeon, and saw 26 of its levels.

You collected 2171 gold pieces.
You spent 402 gold pieces at shops.

Inventory:

Missiles
 b - 2 throwing nets
 j - 6 javelins
Armour
 o - a +2 cloak of poison resistance (worn)
 u - a +1 pair of gloves (worn)
 H - a +2 hat of intelligence (worn)
 P - a scarf of repulsion
 Y - a +0 pair of boots (worn)
Magical Staves
 q - the staff of conjuration "Agepn" (weapon) {*Slow Str-2 Int+4 Dex+6}
   (You acquired it on level 4 of the Spider Nest)

   [staff of conjuration]

   Base accuracy: +5 Base damage: 5 Base attack delay: 1.2 This weapon's minimum
   attack delay (0.6) is reached at skill level 12.
   Str:       It affects your strength (-2).
   Int:       It affects your intelligence (+4).
   Dex:       It affects your dexterity (+6).
   *Slow:     It may slow you when you take damage.
   It falls into the 'Staves' category.
   It is a one-handed weapon.
 S - a staff of earth
Jewellery
 c - an amulet of reflection
 h - a ring of magical power (left hand)
 w - a +4 ring of slaying
 z - a +6 ring of dexterity
 A - a ring of flight
 C - a +5 ring of evasion (right hand)
 D - a +5 ring of evasion
 G - a +5 ring of evasion
 K - a ring of poison resistance
 O - an amulet of regeneration (around neck)
 Q - the amulet of Sazicydd {Reflect +Inv Will+ SH+5}
   (You found it on level 5 of the Lair of Beasts)

   [amulet of reflection]

   It reflects blocked missile attacks.
   +Inv:      It lets you turn invisible.
   SH:        It affects your SH (+5).
   Will:      It increases your willpower.
Wands
 i - a wand of flame (33)
 n - a wand of quicksilver (6)
 B - a wand of polymorph (7)
 E - a wand of iceblast (20)
 U - a wand of charming (14)
Scrolls
 d - 5 scrolls of enchant armour
 g - 4 scrolls of poison
 k - 10 scrolls of immolation
 l - 13 scrolls of teleportation
 s - 6 scrolls of enchant weapon
 I - 3 scrolls of amnesia
 J - 9 scrolls of identify
 M - 4 scrolls of fear
 N - 2 scrolls of magic mapping
 R - 3 scrolls of blinking
 W - a scroll of fog
 X - a scroll of vulnerability
 Z - 2 scrolls of brand weapon
Potions
 a - 2 potions of magic
 f - 4 potions of attraction
 m - 2 potions of invisibility
 p - a potion of heal wounds
 r - 5 potions of degeneration
 t - 5 potions of curing
 v - 4 potions of mutation
 x - 7 potions of haste
 F - 5 potions of brilliance
 L - 2 potions of cancellation
 T - 2 potions of lignification


   Skills:
 + Level 15.1 Fighting
 - Level 12.0 Staves
 + Level 11.7 Dodging
 - Level 1.7 Stealth
 - Level 10.0 Spellcasting
 + Level 9.4 Conjurations
 - Level 8.0 Necromancy
 - Level 1.0 Transmutations
 - Level 1.0 Air Magic
 * Level 18.7 Earth Magic
 - Level 1.0 Poison Magic
 - Level 6.0 Evocations


You had 7 spell levels left.
You knew the following spells:

 Your Spells              Type           Power      Damage    Failure   Level
a - Iron Shot             Conj/Erth      39%        9d8       1%          6
b - Passwall              Tmut/Erth      40%        N/A       1%          2
c - Stone Arrow           Conj/Erth      100%       3d13      1%          3
d - Mephitic Cloud        Conj/Pois/Air  38%        N/A       1%          3
e - Borgnjor's Vile Clut  Necr/Erth      29%        N/A       1%          5
f - Fulminant Prism       Conj/Hex       21%        3d12      2%          4
g - Lee's Rapid Deconstr  Erth           35%        3d18*     1%          5
h - Apportation           Tloc           20%        N/A       7%          1

Your spell library contained the following spells:

 Spells                   Type           Power      Damage    Failure   Level
 Maxwell's Capacitive Co  Air            7%         ∞         100%        8
 Sandblast                Erth           100%       2d20      0%          1
 Foxfire                  Conj/Fire      100%       2x1d9     1%          1
 Magic Dart               Conj           100%       1d8       1%          1
 Necrotise                Necr           100%       1d9       1%          1
 Poisonous Vapours        Pois/Air       28%        N/A       1%          2
 Dazzling Flash           Conj/Hex       86%        N/A       1%          3
 Leda's Liquefaction      Hex/Erth       23%        N/A       1%          4
 Petrify                  Tmut/Erth      49%        N/A       1%          4
 Iskenderun's Battlesphe  Conj           64%        2d11      1%          5
 Cigotuvi's Dreadful Rot  Necr/Pois/Air  46%        N/A       2%          2
 Iskenderun's Mystic Bla  Conj/Tloc      43%        2d10      2%          4
 Ignite Poison            Fire/Tmut/Pois 12%        N/A       4%          3
 Volatile Blastmotes      Fire/Tloc      20%        2d11      5%          3
 Summon Small Mammal      Summ           40%        N/A       7%          1
 Agony                    Necr           42%        N/A       7%          5
 Fireball                 Conj/Fire      21%        3d10      7%          5
 Call Imp                 Summ           20%        N/A       11%         2
 Freezing Cloud           Conj/Ice/Air   18%        6-21      12%         5
 Call Canine Familiar     Summ           10%        N/A       21%         3
 Ozocubu's Armour         Ice            10%        N/A       21%         3
 Portal Projectile        Hex/Tloc       20%        N/A       21%         3
 Summon Guardian Golem    Hex/Summ       10%        N/A       21%         3
 Tukima's Dance           Hex            10%        N/A       21%         3
 Orb of Destruction       Conj           32%        9d10      30%         7
 Yara's Violent Unravell  Hex/Tmut       6%         3d5       36%         5
 Starburst                Conj/Fire      21%        6d7       36%         6
 Passage of Golubria      Tloc           10%        N/A       56%         4
 Alistair's Intoxication  Tmut/Pois      9%         N/A       77%         5
 Blade Hands              Tmut           7%         N/A       77%         5
 Silence                  Hex/Air        6%         N/A       83%         5
 Eringya's Noxious Bog    Tmut/Pois      7%         N/A       83%         6
 Spellforged Servitor     Conj/Summ      21%        N/A       87%         7
 Plasma Beam              Fire/Air       6%         2x1d18    88%         6
 Ozocubu's Refrigeration  Ice            5%         4d8       100%        7


Dungeon Overview and Level Annotations

Branches:
Dungeon (15/15)            Temple (1/1) D:5            Lair (5/5) D:9
 Shoals (0/4) Lair:2       Spider (4/4) Lair:2        Slime (0/5) Lair:4
    Orc (2/2) D:9             Elf (0/3) Orc:2        Vaults (0/5) D:14
 Depths (0/4) D:15

Altars:
Ashenzari
Cheibriados
Dithmenos
Elyvilon
Fedhas
Gozag
Hepliaklqana
Kikubaaqudgha
Makhleb
Nemelex Xobeh
Okawaru
Qazlal
Ru
Sif Muna
Trog
Uskayaw
Vehumet
Wu Jian
Xom
Yredelemnul
Zin
The Shining One
Lugonu

Shops:
D:10 *   D:11 ((   D:12 ([[   Orc:2 [?!(

Portals:
Abyss: Lair:5
Trove: D:11 (give 6 scrolls of fog)

Annotations:
Lair:2 2 transporters, greynaab's ghost, journeyman HuCA
Lair:3 3 runed translucent doors, TheSexyCheese's ghost, journeyman GrFE


Innate Abilities, Weirdness & Mutations

Your dull iron-grey scales are very hard. (AC +14)
You are amphibious.
You cannot fit into any form of body armour.
You are cold-blooded and may be slowed by cold attacks.


Message History

You take 6 damage, and have 29/156 hp.
You miss something. Something hits you!
* * * LOW HITPOINT WARNING * * *
Something hits you but does no damage. Something stings you.
* * * LOW HITPOINT WARNING * * *
You take 16 damage, and have 13/156 hp.
Okay, then.
As you read the scroll of teleportation, it crumbles to dust.
You feel strangely unstable.
You feel you are being watched by something.
You feel your power leaking away. Something barely misses you.
Something hits you but does no damage. Something stings you.
* * * LOW HITPOINT WARNING * * *
You take 4 damage, and have 9/156 hp.
You now have 0/40 mp.
Found 2 potions of invisibility.
You feel you are being watched by something.
You see here a potion of ambrosia.
You see here a potion of might.
Found a potion of ambrosia.
Your surroundings suddenly seem different.
A wolf spider comes into view.
Casting: Iron Shot (mildly dangerous; 1% risk of failure)
Confirm with . or Enter, or press ? or * to list all spells.
Okay, then.
The wolf spider's many legs skitter.
You regained 2 hp, and now have 14/156 hp.
You hit the wolf spider but do no damage.
You blast the wolf spider!
You tail-slap the wolf spider!
The wolf spider is heavily wounded.
The wolf spider hits you but does no damage.
The wolf spider misses you.
You hit the wolf spider!
You blast the wolf spider.
The wolf spider is severely wounded.
You hit the wolf spider!
Your tail-slap misses the wolf spider.
The wolf spider is almost dead.
The wolf spider hits you!
* * * LOW HITPOINT WARNING * * *
The wolf spider bites you.
You die...

..~## #....##....# # .~~#
#.....#....### ## ..##
#.....##...#.## ##. ..#
####......##..#^.### #.. ~##
#.........^####^...# #.. ##
##...^......#......##########.
#
#.....................^^...###
#......^..^..........†...^##..
#.....#.....s@........^...#...
#^...##....##^^..#.^..#.......
##....#...########...^........
#.....##.^# #.^...^^......
##.....##### ###..........#
#.^.†^^.# ##....#....^
##......# #.........^ #.....##
##.##...... ###...# ####......


You could see a wolf spider.

Vanquished Creatures
  Nikola (Spider:4)
  Agnes (Spider:4)
  Gastronok (Lair:2)
  4 emperor scorpions
  4 ghost moths
  An orc warlord (Orc:2)
  2 broodmothers
  The ghost of Keeluq the Geomancer, a journeyman GrEE of Vehumet (Orc:1)
  A spark wasp (Spider:4)
  2 entropy weavers
  4 vault guards (D:14)
  5 hydras
  10 centaur warriors
  4 catoblepae
  6 boulder beetles
  9 two-headed ogres
  A death scarab (Spider:4)
  3 radroaches
  5 orc high priests
  3 tengu warriors
  3 thrashing horrors (Lair:5)
  Nergalle (D:11)
  3 skysharks
  A sun moth (Spider:1)
  6 pharaoh ants
  2 skeletal warriors (D:15)
  A golden dragon zombie (D:15)
  8 orb spiders
  A flayed ghost (D:15)
  A harpy (shapeshifter) (D:13)
  A shadow dragon zombie (D:15)
  6 steelbarb worms
  4 orc knights
  A necromancer (D:15)
  7 ugly things
  A lindwurm (Lair:5)
  20 wolf spiders
  5 cyclopes
  3 orc sorcerers
  A stone giant skeleton (D:15)
  7 manticores
  A frost giant skeleton (D:15)
  Maurice (D:8)
  3 moths of wrath
  7 black mambas
  3 merfolk sirens (Lair:2)
  Joseph (D:8)
  6 demonic crawlers
  8 elephants
  A smoke demon (Lair:5)
  3 torpor snails
  3 gargoyles
  13 cane toads
  2 rime drakes
  A yaktaur (shapeshifter) (D:13)
  2 unseen horrors
  2 kobold demonologists
  An efreet (D:13)
  10 komodo dragons
  A tengu conjurer (D:13)
  An ancient zyme (Lair:5)
  9 meliai
  2 guardian mummies (D:11)
  A queen bee (shapeshifter) (D:14)
  A merfolk (Lair:2)
  4 trolls
  2 polar bears (Lair:4)
  24 tarantellas
  6 hornets
  20 blink frogs
  14 dream sheep
  2 slime creatures
  17 jumping spiders
  A shadow (D:9)
  24 culicivoras
  Sigmund (D:6)
  2 large abominations (Lair:5)
  56 yaks
  A wraith (D:10)
  8 basilisks
  A ynoxinul (Lair:5)
  3 chaos spawn (Lair:5)
  5 wyverns
  51 redbacks
  3 steam dragons
  12 vampire mosquitoes
  3 wargs
  2 acid dragons
  11 small abominations (Lair:5)
  11 water moccasins
  An ice beast (shapeshifter) (Lair:5)
  32 orc warriors
  2 ice beasts
  3 sky beasts
  6 black bears
  7 ogres
  16 wolves
  8 centaurs
  2 phantoms (D:6)
  2 kobold brigands
  Blork the orc (D:6)
  2 gnoll sergeants
  11 bullfrogs
  4 scorpions
  30 killer bees
  2 howler monkeys
  2 vampire bats (D:15)
  An electric eel (D:10)
  30 orc priests
  A jelly (D:5)
  A gnoll bouda (D:10)
  5 hounds
  An iguana (D:6)
  Natasha (thrice) (D:2)
  34 orc wizards
  9 gnolls
  3 adders
  2 white imps
  2 ufetubi
  2 dart slugs
  54 orcs
  2 ball pythons (D:1)
  9 endoplasms
  3 giant cockroaches
  2 goblins (D:1)
  8 hobgoblins
  12 kobolds
  2 quokkas
  9 bats
  3 frilled lizards
  8 rats
855 creatures vanquished.

Vanquished Creatures (others)
  2 orb spiders (Spider:4)
  An orc (Orc:1)
3 creatures vanquished.

Grand Total: 858 creatures vanquished

Notes
Turn   | Place    | Note
-------+----------+-------------------------------------------
     0 | D:1      | jasper the Draconian Earth Elementalist began the quest for
                  | the Orb.
     0 | D:1      | Reached XP level 1. HP: 14/14 MP: 3/3
   239 | D:1      | Reached XP level 2. HP: 20/20 MP: 3/5
   726 | D:1      | Reached skill level 4 in Earth Magic
   757 | D:1      | Found a faded altar of an unknown god.
   962 | D:1      | Learned a level 2 spell: Passwall
  1026 | D:2      | Reached XP level 3. HP: 26/26 MP: 6/6
  1062 | D:2      | Learned a level 3 spell: Stone Arrow
  1261 | D:2      | Noticed Natasha
  1264 | D:2      | Killed Natasha
  1336 | D:2      | Noticed Natasha
  1347 | D:2      | Killed Natasha
  1348 | D:2      | Reached skill level 5 in Earth Magic
  1348 | D:2      | Reached XP level 4. HP: 33/33 MP: 7/7
  1507 | D:2      | Noticed Natasha
  1511 | D:2      | Killed Natasha
  1647 | D:3      | Reached XP level 5. HP: 31/38 MP: 8/8
  1855 | D:3      | Reached skill level 6 in Earth Magic
  2103 | D:3      | You fall into a shaft and drop 2 floors!
  2103 | D:5      | Entered Level 5 of the Dungeon
  2315 | D:5      | Found a staircase to the Ecumenical Temple.
  2352 | Temple   | Entered the Ecumenical Temple
  2474 | Temple   | Became a worshipper of Vehumet
  2621 | D:5      | Found a broken altar of Ashenzari.
  2757 | D:5      | Reached XP level 6. HP: 38/45 MP: 11/11
  2761 | D:5      | Learned a level 3 spell: Mephitic Cloud
  2817 | D:5      | Noticed a water moccasin
  2821 | D:5      | Killed a water moccasin
  2822 | D:5      | Reached skill level 1 in Conjurations
  3330 | D:6      | Found a hazy altar of Hepliaklqana.
  3330 | D:6      | Noticed Blork the orc
  3340 | D:6      | Killed Blork the orc
  3341 | D:6      | Your scales start taking on a dull iron-grey colour.
  3341 | D:6      | Reached skill level 7 in Earth Magic
  3341 | D:6      | Reached XP level 7. HP: 31/50 MP: 13/13
  3426 | D:6      | Noticed Sigmund
  3432 | D:6      | Killed Sigmund
  3524 | D:6      | Reached skill level 1 in Air Magic
  3524 | D:6      | Reached skill level 1 in Poison Magic
  3587 | D:6      | Reached skill level 1 in Fighting
  3587 | D:6      | Reached skill level 5 in Conjurations
  3662 | D:6      | Reached XP level 8. HP: 59/59 MP: 14/14
  3711 | D:6      | Reached skill level 8 in Earth Magic
  4237 | D:7      | Learned a level 5 spell: Borgnjor's Vile Clutch
  4450 | D:7      | Reached * piety under Vehumet
  4450 | D:7      | Offered knowledge of Freeze by Vehumet.
  4689 | D:7      | Reached skill level 1 in Necromancy
  4759 | D:8      | Reached skill level 9 in Earth Magic
  4843 | D:8      | Noticed Joseph
  4870 | D:8      | Noticed Maurice
  4887 | D:8      | Killed Maurice
  4888 | D:8      | Reached XP level 9. HP: 53/70 MP: 15/15
  5040 | D:8      | Killed Joseph
  5134 | D:8      | Reached skill level 10 in Earth Magic
  5232 | D:8      | Reached XP level 10. HP: 58/80 MP: 16/16
  5651 | D:9      | Reached skill level 5 in Fighting
  5727 | D:9      | Found a staircase to the Orcish Mines.
  5738 | D:9      | Reached skill level 11 in Earth Magic
  5739 | D:9      | Reached ** piety under Vehumet
  5739 | D:9      | Offered knowledge of Shock by Vehumet.
  5762 | D:9      | Reached skill level 5 in Dodging
  5912 | D:9      | Noticed a two-headed ogre
  5919 | D:9      | Killed a two-headed ogre
  5920 | D:9      | Reached skill level 12 in Earth Magic
  6068 | D:9      | Reached skill level 5 in Necromancy
  6131 | D:9      | Offered knowledge of Hailstorm by Vehumet.
  6132 | D:9      | Reached XP level 11. HP: 25/91 MP: 17/17
  6359 | D:9      | Found a staircase to the Lair.
  6733 | D:10     | Entered Level 10 of the Dungeon
  6733 | D:10     | Noticed a two-headed ogre
  6739 | D:10     | Killed a two-headed ogre
  6878 | D:10     | Reached *** piety under Vehumet
  7015 | D:10     | Reached skill level 13 in Earth Magic
  7196 | D:10     | Noticed a two-headed ogre
  7201 | D:10     | Killed a two-headed ogre
  7201 | D:10     | Offered knowledge of Fulminant Prism by Vehumet.
  7212 | D:10     | Learned a level 4 spell: Fulminant Prism
  7258 | D:10     | Noticed a centaur warrior
  7263 | D:10     | Killed a centaur warrior
  7404 | D:10     | Found Dshretuas's Desiderata Depot.
  7635 | D:10     | Reached skill level 14 in Earth Magic
  7761 | D:10     | Noticed a two-headed ogre
  7933 | D:11     | Found Qeuc's Antique Weapon Boutique.
  8327 | D:11     | Found Seisono's Antique Weapon Shoppe.
  8419 | D:11     | Identified the +3 whip "Ybbonkea" {flame, Str-5 Int+5
                  | Stlth+}
  8539 | D:11     | Noticed Nergalle
  8544 | D:11     | Killed Nergalle
  8545 | D:11     | Reached XP level 12. HP: 87/102 MP: 18/18
  8703 | D:11     | Found a portal to a secret trove of treasure.
  9120 | D:12     | Reached **** piety under Vehumet
  9171 | D:12     | Offered knowledge of Olgreb's Toxic Radiance by Vehumet.
  9513 | D:12     | Found Ydadesu's Antique Armour Emporium.
  9546 | D:12     | Found Ongeca's Antique Armour Boutique.
  9618 | D:12     | Reached skill level 15 in Earth Magic
  9835 | D:12     | Noticed a two-headed ogre
  9838 | D:12     | Killed a two-headed ogre
 10003 | D:12     | Noticed a two-headed ogre
 10006 | D:12     | Killed a two-headed ogre
 10284 | D:12     | Found Pusch's Antique Weapon Shoppe.
 10358 | D:10     | Killed a two-headed ogre
 10391 | Lair:1   | Entered Level 1 of the Lair of Beasts
 11459 | Lair:1   | You fall into a shaft and drop 1 floor!
 11465 | Lair:2   | Reached ***** piety under Vehumet
 11466 | Lair:2   | Reached skill level 16 in Earth Magic
 11472 | Lair:2   | Noticed Gastronok
 11484 | Lair:2   | Noticed a boulder beetle
 11519 | Lair:2   | Offered knowledge of Iskenderun's Battlesphere by Vehumet.
 11889 | Lair:2   | Noticed an eight-headed hydra
 11896 | Lair:2   | Killed an eight-headed hydra
 11897 | Lair:2   | Reached XP level 13. HP: 69/113 MP: 15/19
 12361 | Lair:2   | Noticed greynaab's ghost (journeyman HuCA)
 12367 | Lair:2   | Reached skill level 10 in Fighting
 12625 | Lair:2   | Reached skill level 17 in Earth Magic
 12803 | Lair:2   | Killed Gastronok
 12914 | Lair:2   | Found a staircase to the Shoals.
 12976 | Lair:2   | Found a hole to the Spider Nest.
 13143 | Lair:2   | Found a transporter.
 13149 | Lair:2   | Found a transporter.
 13163 | Lair:2   | Found a bloodstained altar of Trog.
 14139 | Lair:3   | Found a runed translucent gate.
 14139 | Lair:3   | Found a runed translucent gate.
 14139 | Lair:3   | Found a runed translucent gate.
 14139 | Lair:3   | Noticed TheSexyCheese's ghost (journeyman GrFE)
 14897 | Lair:4   | Reached skill level 5 in Spellcasting
 15110 | Lair:4   | Found a staircase to the Slime Pits.
 15608 | Lair:4   | Found an iron altar of Okawaru.
 15753 | Lair:4   | Identified the +1 halberd "Guumifuu" {heavy, Drain Fly
                  | Dex+4 Stlth+}
 15909 | Lair:5   | Entered Level 5 of the Lair of Beasts
 16479 | Lair:5   | Reached skill level 10 in Dodging
 16479 | Lair:5   | Reached XP level 14. HP: 127/127 MP: 22/22
 16721 | Lair:5   | Found a hide-covered altar of Uskayaw.
 16770 | Lair:5   | Found an ornate altar of the Wu Jian Council.
 17104 | Lair:5   | Identified the +10 short sword of Caergh {protect, rElec
                  | rF- rN++}
 18250 | Lair:5   | Found a corrupted altar of Lugonu.
 18250 | Lair:5   | Found a one-way gate to the infinite horrors of the Abyss.
 18257 | Lair:5   | Identified the amulet of Sazicydd {Reflect +Inv Will+ SH+5}
 18337 | Lair:5   | Offered knowledge of Flame Wave by Vehumet.
 18959 | Orc:1    | Entered Level 1 of the Orcish Mines
 19032 | Orc:2    | Entered Level 2 of the Orcish Mines
 19050 | Orc:2    | Reached skill level 1 in Staves
 19050 | Orc:2    | Reached skill level 1 in Evocations
 19179 | Orc:2    | Found a staircase to the Elven Halls.
 19435 | Orc:2    | Reached ****** piety under Vehumet
 19774 | Orc:2    | Found Daitui's Distillery.
 19774 | Orc:2    | Found Vit Zasch's Antique Armour Shop.
 19775 | Orc:2    | Found Affom's Magic Scroll Shop.
 19779 | Orc:2    | Found Mummysy's Antique Weapon Boutique.
 19852 | Orc:2    | Bought a potion of haste for 180 gold pieces
 19852 | Orc:2    | Bought a potion of haste for 180 gold pieces
 19854 | Orc:2    | Bought a scroll of teleportation for 42 gold pieces
 20180 | Orc:2    | Noticed an orc warlord
 20214 | Orc:2    | Killed an orc warlord
 20218 | Orc:2    | Offered knowledge of Lee's Rapid Deconstruction by Vehumet.
 20244 | Orc:2    | Learned a level 5 spell: Lee's Rapid Deconstruction
 21090 | Orc:1    | Reached XP level 15. HP: 127/138 MP: 14/25
 21092 | Orc:1    | Paralysed by an orc sorcerer for 4 turns
 21093 | Orc:1    | Reached skill level 5 in Staves
 21093 | Orc:1    | Reached skill level 5 in Evocations
 21283 | Orc:1    | Found a runed translucent door.
 21283 | Orc:1    | Noticed Keeluq's ghost (journeyman GrEE)
 21335 | Orc:1    | You fall into a shaft and drop 1 floor!
 21511 | Orc:1    | Killed Keeluq's ghost
 21581 | Orc:1    | Learned a level 1 spell: Apportation
 22188 | D:13     | Offered knowledge of Iron Shot by Vehumet.
 23749 | D:14     | Found a gate to the Vaults.
 23881 | D:14     | Reached skill level 10 in Spellcasting
 24025 | D:14     | Learned a level 6 spell: Iron Shot
 24061 | D:15     | Entered Level 15 of the Dungeon
 24725 | D:15     | Found a staircase to the Depths.
 25264 | D:15     | Offered knowledge of Arcjolt by Vehumet.
 25916 | Spider:1 | Entered Level 1 of the Spider Nest
 26689 | Spider:1 | Reached XP level 16. HP: 67/146 MP: 23/30
 26862 | Spider:1 | Reached skill level 10 in Staves
 29092 | Spider:2 | Offered knowledge of Conjure Ball Lightning by Vehumet.
 32722 | Spider:4 | Entered Level 4 of the Spider Nest
 32722 | Spider:4 | Noticed Agnes
 32727 | Spider:4 | Killed Agnes
 33003 | Spider:4 | Reached skill level 18 in Earth Magic
 33075 | Spider:4 | Offered knowledge of Maxwell's Capacitive Coupling by
                  | Vehumet.
 33933 | Spider:4 | Noticed Nikola
 33948 | Spider:4 | Killed Nikola
 34112 | Spider:4 | Identified a scroll of acquirement
 34140 | Spider:4 | Acquired the staff of conjuration "Agepn" {*Slow Str-2
                  | Int+4 Dex+6}
 34365 | Spider:4 | Reached skill level 15 in Fighting
 34365 | Spider:4 | Reached XP level 17. HP: 156/156 MP: 23/31
 35706 | Spider:4 | Identified the +0 hat of the Black Skies {Str-3 Int+2
                  | Dex+2}
 35713 | Spider:4 | HP: 5/156 [wolf spider (15)]
 35713 | Spider:4 | Slain by a wolf spider

Illustrated notes

Levels and vault maps discovered:
D:1:      onia_arrival_handbag, layout_basic,
          shapermc_ecumenical_altar_totnotflames, st_stairs_2
D:2:      layout_loops_ring, serial_park_tiny_2, small_statue_intersection,
          uniq_natasha
D:3:      layout_loops_ring
D:5:      layout_loops_corners, nicolae_ashenzari_panopticon,
          minmay_temple_entry_hall
D:6:      layout_basic, worldfamousw_hep_ancestral_shrine, uniq_sigmund,
          uniq_blork_the_orc
D:7:      layout_rooms
D:8:      layout_rooms, uniq_maurice, uniq_joseph
D:9:      layout_roguey, due_lair_maze_entry_diamond, orc_0_dummy,
          kennysheep_potato
D:10:     layout_long_grid, minivault_14, nicolae_alphabet_shops,
          minmay_chambers_of_fives
D:11:     layout_irregular_city, serial_shops, shop,
          nicolae_trove_entry_path_of_doom,
          hangedman_abyss_or_decor_lesser_grid, minmay_shop_grid_forest,
          uniq_nergalle
D:12:     layout_roguey, serial_shops, nicolae_shop_real_fake_doors, shop,
          nicolae_shop_waterfront, serial_corexii_hall,
          chequers_hall_statues_wall_a, corexii_hall_statues_i, minmay_puff
D:13:     minmay_skewed_foursquare, layout_loops_ring
D:14:     layout_basic, lightli_vaults_fourway_checkpoint,
          chequers_serial_rivers_room_b
D:15:     gammafunk_depths_entry_grave, layout_stronghold,
          chequers_serial_rivers_micro_b, roderic_batcave
Temple:   nicolae_temple_bog_church
Lair:1:   layout_cave_pods, nicolae_lair_lil_pond, beast_lair_carwin_3,
          serial_bayou_shore_a
Lair:2:   layout_cave_pods, elwin_shoals_entry_stream,
          spider_nest_entry_web_field, gammafunk_ghost_wrathful_warriors,
          uniq_gastronok
Lair:3:   layout_big_grid, gammafunk_ghost_split, lemuel_fruit_tree,
          grunt_megastairs_1, infiniplex_staircase_pool
Lair:4:   layout_roguey, slime_entry_1, basic_altar
Lair:5:   hellmonk_lair_end_abyssal_woods, layout_regular_city,
          nzn_masters_of_martial_movement
Spider:1: layout_chambers, nicolae_spider_wall_of_niches
Spider:2: layout_cave_pods
Spider:3: layout_spider_delve
Spider:4: spider_rune_water, uniq_agnes, uniq_nikola
Orc:1:    layout_diamond_mine, ebering_ghost_inner_flame
Orc:2:    st_orc_mages, layout_caves, enter_volcano_2

Skill      XL: |  1  2  3  4  5  6  7  8  9 10 11 12 13 14 15 16 |
---------------+-------------------------------------------------+-----
Earth Magic    | 4 5 6 7 9 10 12 14 16 17 18 | 18.7
Spellcasting   | 3 4 5 7 10 | 10.0
Conjurations   | 3 5 6 7 8 9 |  9.4
Air Magic      | 1 |  1.0
Poison Magic   | 1 |  1.0
Dodging        | 2 3 4 5 7 8 10 11 | 11.7
Fighting       | 1 3 4 6 8 9 12 14 15 | 15.1
Necromancy     | 1 3 5 7 8 |  8.0
Staves         | 4 9 12 | 12.0
Evocations     | 4 6 |  6.0
Stealth        | |  1.7
Transmutations | |  1.0

Action                     |  1- 3 |  4- 6 |  7- 9 | 10-12 | 13-15 | 16-18 || total
---------------------------+-------+-------+-------+-------+-------+-------++-------
  Melee: Short sword       |       |     5 |    18 |    48 |    91 |       ||   162
         Tailslap          |       |     1 |     3 |     8 |    39 |    39 ||    90
         Punch             |       |       |       |     2 |     3 |     4 ||     9
         Staff             |       |       |       |       |   108 |   202 ||   310
  Throw: Javelin           |       |     1 |       |       |       |       ||     1
   Cast: Sandblast         |    45 |    69 |   137 |   237 |   274 |       ||   762
         Mephitic Cloud    |       |       |       |     2 |       |       ||     2
         Borgnjor's Vile C |       |       |       |    82 |   331 |   147 ||   560
         Stone Arrow       |       |       |       |     6 |   138 |   185 ||   329
         Lee's Rapid Decon |       |       |       |       |    31 |    23 ||    54
         Iron Shot         |       |       |       |       |       |    56 ||    56
  Evoke: Wand              |       |       |       |     4 |     6 |    10 ||    20
    Use: Scroll            |       |       |    12 |     9 |    11 |     4 ||    36
         Potion            |       |       |       |       |     1 |    12 ||    13
 Armour: Skin              |       |     5 |    38 |   126 |   304 |   221 ||   694
  Dodge: Dodged            |     2 |    32 |    81 |   307 |   471 |   301 ||  1194
         Repelled          |       |       |       |       |     5 |       ||     5
  Block: Other             |       |     8 |    21 |    82 |    39 |       ||   150
         Reflection        |       |       |       |     5 |       |       ||     5
